 Dungeon Crawl Stone Soup version 0.30-a0-1043-g60ff8d5f49 (webtiles) character file.

Game seed: 17528294777341514598

56 Esekla the Covert (level 3, 4/26 HPs)
             Began as an Octopode Delver on Apr 9, 2023.
             Quit the game on level 5 of the Dungeon.
             The game lasted 00:03:34 (282 turns).

Esekla the Covert (Octopode Delver)                  Turns: 282, Time: 00:03:35

Health: 4/26       AC:  1    Str: 11    XL:     3   Next: 95%
Magic:  3/3        EV: 18    Int: 14    God:
Gold:   11         SH:  0    Dex: 13    Spells: 2/2 levels left

rFire   . . .      SeeInvis +    a - +0 falchion
rCold   . . .      Faith    .    (no shield)
rNeg    . . .      Spirit   .    (helmet restricted)
rPois   .          Reflect  .    (no amulet)
rElec   .          Rampage  .    j - +5 ring of evasion
rCorr   .                        k - ring of see invisible
Will    .....                    (no ring)
Stlth   +++++                    (no ring)
HPRegen 0.24/turn                (no ring)
MPRegen 0.08/turn                (no ring)
                                 (no ring)
                                 (no ring)

@: no status effects
A: almost no armour, amphibious, 8 rings, camouflage 1, gelatinous body 1,
(nimble swimmer 1), tentacles
a: no special abilities


You were on level 5 of the Dungeon.
You visited 1 branch of the dungeon, and saw 1 of its levels.

You collected 11 gold pieces.

Inventory:

Hand Weapons
 a - a +0 falchion (weapon)
Jewellery
 j - a +5 ring of evasion (left tentacle)
 k - a ring of see invisible (right tentacle)
Wands
 e - a wand of mindburst (15)
 f - a wand of digging (4)
 g - a wand of flame (22)
Scrolls
 b - a scroll of fog
 c - a scroll of teleportation {unknown}
 d - a scroll of amnesia {unknown}
 h - a scroll of identify {unknown}
 i - a scroll of immolation {unknown}
 l - a scroll of vulnerability {unknown}


   Skills:
 * Level 3.3 Fighting
 * Level 2.1 Long Blades
 * Level 2.1 Dodging
 + Level 8.0 Stealth


You had 2 spell levels left.
You didn't know any spells.
Your spell library contained the following spells:

 Spells                   Type           Power      Damage    Failure   Level
 Hailstorm                Conj/Ice       0%         3d3       65%         3
 Ice Form                 Ice/Tmut       0%         N/A       96%         4
 Simulacrum               Ice/Necr       0%         N/A       100%        6


Dungeon Overview and Level Annotations

Branches:
Dungeon (5/15)
 Temple: D:4-7

Altars:
Ashenzari
Sif Muna
Uskayaw

Annotations:
D:5 Menkaure, Sigmund


Innate Abilities, Weirdness & Mutations

You cannot wear most types of armour.
You are amphibious.
You can wear up to eight rings at the same time.
Your skin changes colour to match your surroundings (Stealth+).
Your rubbery body absorbs attacks. (AC +1, EV +1)
((You are camouflaged when in or above water. (Stealth+)))
You have tentacles for arms and can constrict up to eight enemies at once.


Message History

It was a potion of heal wounds.
You feel much better.
Aiming: Throw Flame
Press: ? - help, Shift-Dir - straight line, f/p - Ijyb
Aim: Ijyb, wielding a +0 club, wearing a +0 leather armour and carrying a wand of mindburst (17) (moderately wounded, 60% to hit)
The puff of flame misses Ijyb.
You barely miss Ijyb. Your grab misses Ijyb.
Ijyb is moderately wounded.
Ijyb hits you with a +0 club.
You closely miss Ijyb. Your grab misses Ijyb. You squeeze Ijyb!
Ijyb is severely wounded.
Ijyb zaps a wand.
You barely resist. You hit Ijyb. Your grab misses Ijyb.
Your squeeze misses Ijyb.
Ijyb is almost dead.
Ijyb zaps a wand.
Your mind is blasted!
You completely miss Ijyb. Your grab misses Ijyb.
Ijyb is almost dead.
Ijyb hits you with a +0 club.
You closely miss Ijyb. Your grab misses Ijyb.
Ijyb is almost dead.
Ijyb closely misses you. Ijyb hits you with a +0 club.
* * * LOW HITPOINT WARNING * * *
You hit Ijyb but do no damage. You grab Ijyb.
You squeeze Ijyb, but do no damage.
Ijyb is almost dead.
You constrict Ijyb, but do no damage. Ijyb closely misses you.
Hit: a) +0 falchion
Press: ? - help, Dir - move target, f/p - Ijyb
Aim: Ijyb, wielding a +0 club, wearing a +0 leather armour and carrying a wand of mindburst (15) (almost dead, constricted by you, about 14% to evade your +0 falchion)
Okay, then.
Aiming: Throw Flame
Press: ? - help, Shift-Dir - straight line, f/p - Ijyb
Aim: Ijyb, wielding a +0 club, wearing a +0 leather armour and carrying a wand of mindburst (15) (almost dead, constricted by you, 97% to hit)
The puff of flame hits Ijyb.
You kill Ijyb!
Your Stealth skill increases to level 8!
Found a shimmering blue altar of Sif Muna.
e - a wand of mindburst (15)
Things that are here:
a +0 club; a +0 leather armour; the goblin corpse of Ijyb Are you sure you want to abandon this character and quit the game? (Confirm with "yes".)

#############
##.....#...<.##
#.............############
.........................#
..........##############.#
..........###.....)......#
..........#_'............#
..........###...@......(##
..........###############
#.............*
##...........#*
,............#
*######.#..g.# *.#....#
#.#.oo.# *** #.#*#o#***_**


There were no monsters in sight!

Vanquished Creatures
  A hound (D:5)
  Ijyb (D:5)
  A quokka (D:5)
3 creatures vanquished.

Vanquished Creatures (others)
  2 plants (D:5)
2 creatures vanquished.

Grand Total: 5 creatures vanquished

Notes
Turn   | Place    | Note
-------+----------+-------------------------------------------
     0 | D:5      | Esekla the Octopode Delver began the quest for the Orb.
     0 | D:5      | Reached XP level 1. HP: 16/16 MP: 1/1
    23 | D:5      | Found a broken altar of Ashenzari.
    34 | D:5      | Noticed Menkaure
    35 | D:5      | Saw a vision of the Swamp and the Snake Pit.
    35 | D:5      | Noticed an anaconda
    35 | D:5      | Noticed a spriggan rider
    35 | D:5      | Noticed a naga
    35 | D:5      | Noticed a naga
    35 | D:5      | Noticed a goliath frog
    35 | D:5      | Noticed a black mamba
    35 | D:5      | Noticed an eleionoma
    35 | D:5      | Noticed a bloated husk
    35 | D:5      | Noticed a mana viper
    35 | D:5      | Noticed a naga sharpshooter
    36 | D:5      | Noticed a spriggan rider
    36 | D:5      | Noticed a naga mage
    39 | D:5      | Noticed a spriggan rider
    62 | D:5      | Noticed a centaur
    62 | D:5      | Noticed an orc wizard
    75 | D:5      | Noticed Ijyb
    82 | D:5      | Noticed Sigmund
   118 | D:5      | Found a hide-covered altar of Uskayaw.
   121 | D:5      | Noticed a hound
   134 | D:5      | Killed a hound
   135 | D:5      | Reached skill level 7 in Stealth
   135 | D:5      | Reached XP level 2. HP: 16/21 MP: 2/2
   135 | D:5      | Reached XP level 3. HP: 20/26 MP: 3/3
   277 | D:5      | Killed Ijyb
   278 | D:5      | Reached skill level 8 in Stealth
   278 | D:5      | Found a shimmering blue altar of Sif Muna.
   282 | D:5      | Quit the game

Illustrated notes

Levels and vault maps discovered:
D:5:      layout_rooms, grunt_ashenzari_visionary
          [grunt_ashenzari_visionary_swamp, grunt_ashenzari_visionary_snake],
          lemuel_blue_sif_altar, okawaru_altar_gauntlet_db,
          mainiacjoe_overflow_boulevard, uniq_sigmund, uniq_ijyb, uniq_menkaure,
          uniq_grinder

Skill      XL: |  1  2  3 |
---------------+----------+-----
Stealth        | 7 8 |  8.0
Fighting       | |  3.3
Long Blades    | |  2.1
Dodging        | |  2.1

Action                     || total
---------------------------++-------
  Melee: Falchion          ||    12
         Constrict         ||     3
         Tentacles         ||     3
  Evoke: Wand              ||     4
    Use: Potion            ||     3
         Scroll            ||     2
  Dodge: Dodged            ||    14

Table legend: (Time is in decaauts)
 A = Elapsed time spent in this place.
 B = Non-inter-level travel time spent in this place.
 C = Inter-level travel time spent in this place.
 D = Time resting spent in this place.
 E = Time spent auto-exploring this place.
 F = Levels seen in this place.
 G = Mean time per level.
                   A        B        C        D        E       F      G
               +--------+--------+--------+--------+--------+-----+--------+
         Total |    264 |    264 |      0 |      0 |      0 |   1 |  264.0 |
       Dungeon |    264 |    264 |      0 |      0 |      0 |   1 |  264.0 |
               +--------+--------+--------+--------+--------+-----+--------+

Top non-repeatable levels by time:
     D:5: 264 daAuts
